BR (22 & UNDER)
FORT COLLINS COMMONERS @ ATLANTIC CITY WAR DOGS
09/21/2028
 
TOP OF THE 1ST
Fort Collins Commoners batting - Pitching for Atlantic City War Dogs : RHP Clifford McClellan
Pitching: RHP Clifford McClellan
Batting: RHB Art Cornell 0-0: Ball
1-0: Ball
2-0: Foul Ball, location: 2F
2-1: Foul Ball, location: 2F
2-2: Fly out, F7 (Flyball, 7S)
Batting: RHB Tom McBride 0-0: Ground out 5-3 (Groundball, 56)
Batting: RHB Jonathan Jackson 0-0: Called Strike
0-1: Called Strike
0-2: Ball
1-2: Ground out U3 (Groundball, 3)
Top of the 1st over - 0 run(s), 0 hit(s), 0 error(s), 0 left on base; Fort Collins 0 - Atlantic City 0
BOTTOM OF THE 1ST
Atlantic City War Dogs batting - Pitching for Fort Collins Commoners : RHP Jorge Sierra
Pitching: RHP Jorge Sierra
Batting: RHB Armando Vega 0-0: Called Strike
0-1: Ball
1-1: Ground out 3-1 (Groundball, 34S)
Batting: RHB Francisco Martínez 0-0: Foul Ball, location: 2F
0-1: Fly out, F9 (Flyball, 9S)
Batting: LHB Trey Fitzpatrick 0-0: Ball
1-0: Fly out, F8 (Line Drive, 8RM)
Bottom of the 1st over - 0 run(s), 0 hit(s), 0 error(s), 0 left on base; Fort Collins 0 - Atlantic City 0
TOP OF THE 2ND
Fort Collins Commoners batting - Pitching for Atlantic City War Dogs : RHP Clifford McClellan
Batting: RHB António Díaz 0-0: Called Strike
0-1: Foul Ball, location: 2F
0-2: Strikes out looking
Batting: RHB Nick McIntyre 0-0: Ball
1-0: Called Strike
1-1: SINGLE (Groundball, 56) (infield hit)
Batting: RHB Matt Cole 0-0: Ball
1-0: Ball
2-0: Swinging Strike
2-1: DOUBLE (Line Drive, 78XD)
Nick McIntyre to third
Runner from 3rd tries for Home, SAFE, no throw
Batting: RHB Edward Green 0-0: Ball
1-0: Ball
2-0: Foul Ball, location: 2F
2-1: Swinging Strike
2-2: Ball
3-2: Strikes out swinging
Batting: RHB Bobby Doyle 0-0: Ground out 5-3 (Groundball, 5S)
Top of the 2nd over - 1 run(s), 2 hit(s), 0 error(s), 1 left on base; Fort Collins 1 - Atlantic City 0
BOTTOM OF THE 2ND
Atlantic City War Dogs batting - Pitching for Fort Collins Commoners : RHP Jorge Sierra
Batting: LHB Pedro Fernández 0-0: Called Strike
0-1: Ball
1-1: Swinging Strike
1-2: Foul Ball, location: 2F
1-2: Strikes out swinging
Batting: LHB Robert Mann 0-0: Called Strike
0-1: Foul Ball, location: 2F
0-2: Strikes out swinging
Batting: RHB Don Jackson 0-0: Ball
1-0: Ground out 6-3 (Groundball, 6)
Bottom of the 2nd over - 0 run(s), 0 hit(s), 0 error(s), 0 left on base; Fort Collins 1 - Atlantic City 0
TOP OF THE 3RD
Fort Collins Commoners batting - Pitching for Atlantic City War Dogs : RHP Clifford McClellan
Batting: LHB Joe Hanson 0-0: Called Strike
0-1: Ball
1-1: Fly out, F7 (Flyball, 7S)
Batting: RHB Art Cornell 0-0: Ball
1-0: Ball
2-0: Ball
3-0: Called Strike
3-1: Swinging Strike
3-2: Foul Ball, location: 2F
3-2: Base on Balls
Batting: RHB Tom McBride 0-0: Ball
1-0: SINGLE (Flyball, 6MD)
Art Cornell to second
Runner from 2nd tries for 3rd, SAFE, no throw
Batting: RHB Jonathan Jackson 0-0: Ball
1-0: Ball
2-0: Ball
3-0: Called Strike
3-1: Called Strike
3-2: Fly out, F9 (Flyball, 9S)
Batting: RHB António Díaz 0-0: SINGLE (Line Drive, 56)
Art Cornell scores
Tom McBride to second
Batting: RHB Nick McIntyre 0-0: Foul Ball, location: 2F
0-1: Ball
1-1: Ball
2-1: Ball
3-1: Fielders Choice at 2nd, 4-6 (Groundball, 4)
Top of the 3rd over - 1 run(s), 2 hit(s), 0 error(s), 1 left on base; Fort Collins 2 - Atlantic City 0
BOTTOM OF THE 3RD
Atlantic City War Dogs batting - Pitching for Fort Collins Commoners : RHP Jorge Sierra
Batting: RHB Nelson Martínez 0-0: Ball
1-0: Ball
2-0: Swinging Strike
2-1: Fly out, F5 (Popup, 5L)
Batting: RHB Kevin Robinson 0-0: Foul Ball, location: 2F
0-1: Foul Ball, location: 2F
0-2: Ball
1-2: Foul Ball, location: 2F
1-2: Ball
2-2: Ball
3-2: Fly out, F9 (Flyball, 89D)
Batting: RHB Christian Porter 0-0: Called Strike
0-1: Ball
1-1: Ball
2-1: Ball
3-1: Foul Ball, location: 2F
3-2: DOUBLE (Line Drive, 9LM)
Batting: RHB Armando Vega 0-0: Ball
1-0: Called Strike
1-1: Ball
2-1: Called Strike
2-2: Ball
3-2: Foul Ball, location: 2F
3-2: Reached on error, E5 (Groundball, 56)
Christian Porter to third
Batting: RHB Francisco Martínez 0-0: Ball
Wild Pitch!
Christian Porter scores
Armando Vega to second
1-0: Ball
2-0: Fly out, F4 (Flyball, 4D)
Bottom of the 3rd over - 1 run(s), 1 hit(s), 1 error(s), 1 left on base; Fort Collins 2 - Atlantic City 1
TOP OF THE 4TH
Fort Collins Commoners batting - Pitching for Atlantic City War Dogs : RHP Clifford McClellan
Batting: RHB Matt Cole 0-0: SINGLE (Groundball, 6D)
Batting: RHB Edward Green 0-0: Called Strike
0-1: Ball
1-1: Called Strike
1-2: Strikes out swinging
Batting: RHB Bobby Doyle 0-0: Ball
Balk!
Matt Cole to second
1-0: Foul Ball, location: 2F
1-1: Foul Ball, location: 2F
1-2: Foul Ball, location: 2F
1-2: Ball
2-2: 2-RUN HOME RUN (Flyball, 8LXD), Distance : 439 ft
Batting: LHB Joe Hanson 0-0: Called Strike
0-1: Foul Ball, location: 2F
0-2: Ball
1-2: Ball
2-2: Foul Ball, location: 2F
2-2: Strikes out swinging
Batting: RHB Art Cornell 0-0: Foul Ball, location: 2F
0-1: Foul Ball, location: 2F
0-2: Strikes out swinging
Top of the 4th over - 2 run(s), 2 hit(s), 0 error(s), 0 left on base; Fort Collins 4 - Atlantic City 1
BOTTOM OF THE 4TH
Atlantic City War Dogs batting - Pitching for Fort Collins Commoners : RHP Jorge Sierra
Batting: LHB Trey Fitzpatrick 0-0: Ball
1-0: Foul Ball, location: 2F
1-1: Swinging Strike
1-2: SINGLE (Flyball, 7S)
Batting: LHB Pedro Fernández 0-0: Grounds into double play, 4-6-3 (Groundball, 4)
Batting: LHB Robert Mann 0-0: Called Strike
0-1: Swinging Strike
0-2: Strikes out swinging
Bottom of the 4th over - 0 run(s), 1 hit(s), 0 error(s), 0 left on base; Fort Collins 4 - Atlantic City 1
TOP OF THE 5TH
Fort Collins Commoners batting - Pitching for Atlantic City War Dogs : RHP Clifford McClellan
Batting: RHB Tom McBride 0-0: Ball
1-0: Ball
2-0: Called Strike
2-1: Foul Ball, location: 2F
2-2: Ground out 6-3 (Groundball, 6)
Batting: RHB Jonathan Jackson 0-0: Called Strike
0-1: Ball
1-1: Called Strike
1-2: Foul Ball, location: 2F
1-2: Ball
2-2: Foul Ball, location: 2F
2-2: Fly out, F6 (Popup, 6MD)
Batting: RHB António Díaz 0-0: Swinging Strike
0-1: Called Strike
0-2: Foul Ball, location: 2F
0-2: Ball
1-2: Strikes out swinging
Top of the 5th over - 0 run(s), 0 hit(s), 0 error(s), 0 left on base; Fort Collins 4 - Atlantic City 1
BOTTOM OF THE 5TH
Atlantic City War Dogs batting - Pitching for Fort Collins Commoners : RHP Jorge Sierra
Batting: RHB Don Jackson 0-0: Called Strike
0-1: Ball
1-1: Ball
2-1: Foul Ball, location: 2F
2-2: Fly out, F8 (Flyball, 89S)
Batting: RHB Nelson Martínez 0-0: Foul Ball, location: 2F
0-1: Ball
1-1: Fly out, F2 (Popup, 2R)
Batting: RHB Kevin Robinson 0-0: Called Strike
0-1: Ball
1-1: Ball
2-1: Ground out 1-3 (Groundball, 13S)
Bottom of the 5th over - 0 run(s), 0 hit(s), 0 error(s), 0 left on base; Fort Collins 4 - Atlantic City 1
TOP OF THE 6TH
Fort Collins Commoners batting - Pitching for Atlantic City War Dogs : RHP Clifford McClellan
Pitching: RHP Walter Shelton
Batting: RHB Nick McIntyre 0-0: Foul Ball, location: 2F
0-1: Called Strike
0-2: Foul Ball, location: 2F
0-2: Ball
1-2: Foul Ball, location: 2F
1-2: Strikes out swinging
Batting: RHB Matt Cole 0-0: Fly out, F8 (Flyball, 8LD)
Batting: RHB Edward Green 0-0: SINGLE (Groundball, 56D)
Batting: RHB Bobby Doyle 0-0: Ball
1-0: Ball
2-0: Ball
3-0: Called Strike
3-1: Foul Ball, location: 2F
3-2: Foul Ball, location: 2F
3-2: Base on Balls
Edward Green to second
Batting: LHB Joe Hanson 0-0: Called Strike
0-1: Called Strike
0-2: Ball
1-2: Ball
2-2: Foul Ball, location: 2F
2-2: Ball
3-2: Foul Ball, location: 2F
3-2: Hit by Pitch
Edward Green to third
Bobby Doyle to second
Batting: RHB Art Cornell 0-0: Ball
1-0: Foul Ball, location: 2F
1-1: Swinging Strike
1-2: Strikes out swinging
Top of the 6th over - 0 run(s), 1 hit(s), 0 error(s), 3 left on base; Fort Collins 4 - Atlantic City 1
BOTTOM OF THE 6TH
Atlantic City War Dogs batting - Pitching for Fort Collins Commoners : RHP Jorge Sierra
Batting: RHB Christian Porter 0-0: Ball
1-0: Called Strike
1-1: Ball
2-1: Called Strike
2-2: Strikes out swinging
Batting: RHB Armando Vega 0-0: Ball
1-0: Ground out 4-3 (Groundball, 4)
Batting: RHB Francisco Martínez 0-0: Called Strike
0-1: Called Strike
0-2: Strikes out swinging
Bottom of the 6th over - 0 run(s), 0 hit(s), 0 error(s), 0 left on base; Fort Collins 4 - Atlantic City 1
TOP OF THE 7TH
Fort Collins Commoners batting - Pitching for Atlantic City War Dogs : RHP Walter Shelton
Batting: RHB Tom McBride 0-0: Ball
1-0: Called Strike
1-1: Ball
2-1: Fly out, F9 (Flyball, 9LS)
Batting: RHB Jonathan Jackson 0-0: Foul Ball, location: 2F
0-1: Ground out 5-3 (Groundball, 56)
Batting: RHB António Díaz 0-0: Ball
1-0: Ball
2-0: Ball
3-0: Called Strike
3-1: Foul Ball, location: 2F
3-2: SINGLE (Groundball, 6MD)
Batting: RHB Nick McIntyre 0-0: Swinging Strike
0-1: SINGLE (Groundball, 34D)
António Díaz to second
Runner from 2nd tries for 3rd, SAFE, throw made to third
Batting: RHB Matt Cole 0-0: Ball
1-0: Swinging Strike
1-1: Fly out, F3 (Line Drive, 3)
Top of the 7th over - 0 run(s), 2 hit(s), 0 error(s), 2 left on base; Fort Collins 4 - Atlantic City 1
BOTTOM OF THE 7TH
Atlantic City War Dogs batting - Pitching for Fort Collins Commoners : RHP Jorge Sierra
Batting: LHB Trey Fitzpatrick 0-0: Ball
1-0: Ball
2-0: Ball
3-0: Called Strike
3-1: Base on Balls
Batting: LHB Pedro Fernández 0-0: Foul Ball, location: 2F
0-1: Ball
1-1: Ball
2-1: Fly out, F4 (Line Drive, 4M)
Pitching: LHP John Smith
Batting: LHB Robert Mann 0-0: SINGLE (Groundball, 4D)
Trey Fitzpatrick to second
Runner from 2nd tries for 3rd, SAFE, no throw
Batting: RHB Don Jackson 0-0: Ball
1-0: Swinging Strike
1-1: Ball
2-1: Reached on error, E9 (Flyball, 9)
Trey Fitzpatrick scores
Robert Mann to second
Pinch Hitting: RHB Henry Edwards 0-0: Called Strike
0-1: Grounds into double play, 5-4-3 (Groundball, 56)
Bottom of the 7th over - 1 run(s), 1 hit(s), 1 error(s), 1 left on base; Fort Collins 4 - Atlantic City 2
TOP OF THE 8TH
Fort Collins Commoners batting - Pitching for Atlantic City War Dogs : RHP Walter Shelton
Now in RF: Pancho Valdés
Batting: RHB Edward Green 0-0: Called Strike
0-1: Fly out, F7 (Flyball, 78M)
Batting: RHB Bobby Doyle 0-0: Foul Ball, location: 2F
0-1: Ball
1-1: Foul Ball, location: 2F
1-2: Foul Ball, location: 2F
1-2: Ground out 5-3 (Groundball, 56)
Batting: LHB Joe Hanson 0-0: SINGLE (Line Drive, 6MD)
Batting: RHB Art Cornell 0-0: Ball
1-0: Ball
2-0: Ground out 1-3 (Groundball, 13S)
Top of the 8th over - 0 run(s), 1 hit(s), 0 error(s), 1 left on base; Fort Collins 4 - Atlantic City 2
BOTTOM OF THE 8TH
Atlantic City War Dogs batting - Pitching for Fort Collins Commoners : LHP John Smith
Batting: RHB Kevin Robinson 0-0: Ball
1-0: Foul Ball, location: 2F
1-1: Fly out, F5 (Line Drive, 56)
Batting: RHB Christian Porter 0-0: Called Strike
0-1: Ball
1-1: Ball
2-1: SOLO HOME RUN (Flyball, 7D), Distance : 366 ft
Pitching: RHP Jorge Ruíz
Batting: RHB Armando Vega 0-0: Foul Ball, location: 2F
0-1: Called Strike
0-2: Ball
1-2: Foul Ball, location: 2F
1-2: Ball
2-2: Ball
3-2: Foul Ball, location: 2F
3-2: Ground out 1-3 (Groundball, 13S)
Batting: RHB Francisco Martínez 0-0: SINGLE (Flyball, 8LS)
Pitching: LHP Claudio Montalvo
Batting: LHB Trey Fitzpatrick 0-0: Called Strike
0-1: Ball
1-1: Ball
2-1: Ball
3-1: Base on Balls
Francisco Martínez to second
Pinch Hitting: RHB Pat Simms 0-0: Called Strike
0-1: Ball
1-1: Ball
2-1: Ball
3-1: Base on Balls
Francisco Martínez to third
Trey Fitzpatrick to second
Batting: LHB Robert Mann 0-0: Called Strike
0-1: Ball
1-1: Ball
2-1: Ball
3-1: Called Strike
3-2: Base on Balls
Francisco Martínez scores
Trey Fitzpatrick to third
Pat Simms to second
Batting: RHB Don Jackson 0-0: Fielders Choice at 2nd, 4-6 (Groundball, 4)
Bottom of the 8th over - 2 run(s), 2 hit(s), 0 error(s), 2 left on base; Fort Collins 4 - Atlantic City 4
TOP OF THE 9TH
Fort Collins Commoners batting - Pitching for Atlantic City War Dogs : RHP Walter Shelton
Pitching: RHP Claude Cunningham
Now at 1B: Patrick Ferguson
Pinch Hitting: LHB Paul Lee 0-0: Called Strike
0-1: Ball
1-1: Swinging Strike
1-2: Strikes out swinging
Pinch Hitting: LHB Caleb Ruíz 0-0: Ball
1-0: Ball
2-0: SINGLE (Flyball, 8RS)
Pinch Runner at 1st Tommy Dawson:
Pinch Hitting: RHB Sherman Cummings 0-0: Ball
1-0: DOUBLE (Line Drive, 78M)
Tommy Dawson to third
Batting: RHB Nick McIntyre 0-0: Ball
1-0: Swinging Strike
1-1: Foul Ball, location: 2F
1-2: Foul Ball, location: 2F
1-2: Ball
2-2: Ball
3-2: Strikes out swinging
Batting: RHB Matt Cole 0-0: Ball
1-0: Ball
2-0: Ball
3-0: Called Strike
3-1: Foul Ball, location: 2F
3-2: Foul Ball, location: 2F
3-2: Base on Balls
Pinch Hitting: RHB Ismael Rodríguez 0-0: Ball
1-0: Ball
2-0: Called Strike
2-1: Foul Ball, location: 2F
2-2: Hit by Pitch
Tommy Dawson scores
Sherman Cummings to third
Matt Cole to second
Pinch Hitting: LHB Matt Taylor 0-0: Called Strike
0-1: Ball
1-1: Fielders Choice at 2nd, 4-6 (Groundball, 4)
Top of the 9th over - 1 run(s), 2 hit(s), 0 error(s), 2 left on base; Fort Collins 5 - Atlantic City 4
BOTTOM OF THE 9TH
Atlantic City War Dogs batting - Pitching for Fort Collins Commoners : LHP Claudio Montalvo
Pitching: RHP Sam Faulkner
Now at C: Terry Collins
Now at 2B: Javier Contreras
Now at 3B: Ismael Rodríguez
Now at SS: Sherman Cummings
Now in LF: Paul Lee
Pinch Hitting: LHB Carlos Hernández 0-0: Ball
1-0: Ball
2-0: Called Strike
2-1: Fly out, F8 (Line Drive, 78D)
Batting: RHB Kevin Robinson 0-0: Called Strike
0-1: Ball
1-1: Ball
2-1: Ball
3-1: Foul Ball, location: 2F
3-2: Base on Balls
Pinch Runner at 1st Jeff Buck:
Pinch Hitting: LHB Ramiro Venegas 0-0: Ball
1-0: SINGLE (Groundball, 6MD)
Jeff Buck to second
Batting: RHB Armando Vega 0-0: Fielders Choice at 2nd, 6-4 (Groundball, 56)
Jeff Buck to third
Batting: RHB Francisco Martínez 0-0: Called Strike
0-1: Foul Ball, location: 2F
0-2: Strikes out looking
Bottom of the 9th over - 0 run(s), 1 hit(s), 0 error(s), 2 left on base; Fort Collins 5 - Atlantic City 4
Tuesday, August 8th, 2017 - OOTP Baseball 17.12 Build 75